 Dungeon Crawl Stone Soup version 0.20.0-10-g0535bb4 (webtiles) character file.

150252 theclanless the Fighter (level 17, -1/95 HPs)
             Began as a Vine Stalker Berserker on June 2, 2017.
             Was a High Priest of the Shining One.
             Slain by a black mamba (5 damage)
             ... on level 2 of the Snake Pit on June 5, 2017.
             The game lasted 02:17:39 (23704 turns).

theclanless the Fighter (Vine Stalker Berserker)   Turns: 23704, Time: 02:17:39

Health: -1/95      AC: 21    Str: 29    XL:     17   Next: 53%
Magic:  0/35       EV: 12    Int: 19    God:    the Shining One [*****.]
Gold:   3035       SH: 16    Dex: 16    Spells: 18/26 levels left

rFire    . . .     SeeInvis .   a - +7 captain's cutlass {speed, disarm}
rCold    + . .     Gourm    .   M - +2 shield
rNeg     + + +     Faith    .   s - +3 robe of Xuuhihim {rC+ Slay+2}
rPois    +         Spirit   +   l - +3 hat of Pondering {ponderous, MR+ MP+10 Int+5}
rElec    .         Reflect  .   O - +2 cloak
rCorr    .         Harm     .   J - +2 pair of gloves
MR       +++..                  A - +2 pair of boots {Stlth+}
Stlth    +++.......             t - amulet of regeneration
Regen    1.5/turn               n - ring "Muemica" {+Inv +Fly rC- EV-5 Slay+5}
MPRegen  0.3/turn               c - ring of Voenish {Wiz *Contam rPois rN+ Int+5}

@: lethally poisoned (-1 -> -2), slowed, glowing, constricted, very slow
A: fangs 3, horns 1, repulsion field 1, yellow scales 2, agile 1, clever 1, cold
resistance 1, deformed body, regeneration 2, screaming 1, strong 1, magic
shield, antimagic bite, no potion heal 3, rot immunity
a: Divine Shield, Cleansing Flame, Summon Divine Warrior, Renounce Religion,
Evoke Invisibility, Evoke Flight


You were on level 2 of the Snake Pit.
You worshipped the Shining One.
The Shining One was extremely pleased with you.
You were not hungry.

You visited 5 branches of the dungeon, and saw 27 of its levels.
You also visited: Labyrinth, Bailey and Ice Cave.

You collected 4235 gold pieces.
You spent 1200 gold pieces at shops.

Inventory:

Hand Weapons
 a - the +7 captain's cutlass (weapon) {speed, disarm}
   (You found it on level 9 of the Dungeon)

   Attacks with this weapon are significantly faster.
 b - a +3 quick blade of piercing
Missiles
 B - 18 tomahawks (quivered)
 U - 7 javelins of penetration
 Z - 2 tomahawks of dispersal
Armour
 h - a +0 large shield
 l - the +3 hat of Pondering (worn) {ponderous, MR+ MP+10 Int+5}
   (You took it off Gastronok on level 9 of the Dungeon)

   It affects your intelligence (+5).
   It affects your resistance to hostile enchantments.
   It affects your magic capacity (+10).
 s - the +3 robe of Xuuhihim (worn) {rC+ Slay+2}
   (You found it in an ice cave)

   It affects your accuracy and damage with ranged weapons and melee attacks
   (+2).
   It protects you from cold.
 A - a +2 pair of boots of stealth (worn)
 J - a +2 pair of gloves (worn)
 M - a +2 shield (worn)
 O - a +2 cloak (worn)
Jewellery
 c - the ring of Voenish (right hand) {Wiz *Contam rPois rN+ Int+5}
   (You took it off a minotaur in a labyrinth)

   [ring of wizardry]

   It improves your spell success rate.
   It affects your intelligence (+5).
   It protects you from poison.
   It protects you from negative energy.
   It causes magical contamination when unequipped.
 n - the ring "Muemica" (left hand) {+Inv +Fly rC- EV-5 Slay+5}
   (You found it on level 6 of the Lair of Beasts)

   [ring of evasion]

   It affects your evasion (-5).
   It affects your accuracy and damage with ranged weapons and melee attacks
   (+5).
   It makes you vulnerable to cold.
   It lets you turn invisible.
   It lets you fly.
 t - an amulet of regeneration (around neck)
 u - an uncursed ring of protection from cold
 x - an uncursed amulet of the gourmand
 P - an uncursed ring of protection from fire
Wands
 o - a wand of disintegration (8/24)
 p - a wand of digging (10/24)
 r - a wand of enslavement (16/24)
 D - a wand of lightning (5/15)
 I - a wand of flame (22/48)
 Q - a wand of polymorph (2/24)
 Y - a wand of iceblast (1/15)
Scrolls
 d - 9 scrolls of teleportation
 e - 6 scrolls of remove curse
 q - 3 scrolls of identify
 y - 5 scrolls of fear
 C - 4 scrolls of recharging
 G - a scroll of holy word
 L - a scroll of blinking
 S - 6 scrolls of fog
Potions
 i - 5 potions of flight
 j - 6 potions of haste
 k - 5 potions of curing
 m - 2 potions of agility
 z - 2 potions of magic
 E - 3 potions of cancellation
 F - a potion of might
 V - 3 potions of resistance
Miscellaneous
 N - a lightning rod (4/4)
 R - a phial of floods
 T - a fan of gales
Comestibles
 f - 2 fruits
 g - 19 meat rations


   Skills:
 * Level 13.4 Fighting
 * Level 13.0 Short Blades
 + Level 9.3 Armour
 + Level 9.1 Dodging
 - Level 10.7 Stealth
 * Level 11.4 Shields
 + Level 5.0 Spellcasting
 + Level 6.6 Invocations
 - Level 8.4 Evocations


You had 18 spell levels left.
You knew the following spells:

 Your Spells              Type           Power        Failure   Level  Hunger
a - Summon Butterflies    Summ           #.......     8%          1    None
p - Passwall              Tmut/Erth      #.........   12%         2    #......
A - Aura of Abjuration    Summ           #.........   88%         5    ######.


Dungeon Overview and Level Annotations

Branches:
Dungeon (15/15)            Temple (1/1) D:4            Lair (6/6) D:9
  Swamp (0/4) Lair:4        Snake (3/4) Lair:4        Slime (0/5) Lair:6
    Orc (2/2) D:10            Elf (0/3) Orc:2        Vaults (0/5) D:14
 Depths (0/5) D:15

Altars:
Ashenzari
Cheibriados
Dithmenos
Elyvilon
Fedhas
Gozag
Hepliaklqana
Kikubaaqudgha
Makhleb
Nemelex Xobeh
Okawaru
Qazlal
Ru
Sif Muna
Trog
Uskayaw
Vehumet
Xom
Yredelemnul
Zin
The Shining One
Beogh
Jiyva
Lugonu

Shops:
D:8 :   D:12 ?[}(}   D:15 (   Orc:1 *   Orc:2 (:!(=


Innate Abilities, Weirdness & Mutations

You have razor-sharp teeth.
You heal very quickly.
When hurt, damage is shared between your health and your magic reserves.
Your bite disrupts and absorbs the magic of your enemies.
Potions cannot restore your health.
You are immune to rotting.
You have a pair of small horns on your head.
You are surrounded by a mild repulsion field. (EV +2)
You are mostly covered in yellow scales. (AC +3)
You are agile. (Dex +2)
Your mind is acute. (Int +2)
Your flesh is cold resistant. (rC+)
Armour fits poorly on your strangely shaped body.
You occasionally shout uncontrollably at your foes.
Your muscles are strong. (Str +2)


Message History

You block the naga warrior's attack. The naga warrior grabs you.
The naga warrior constricts you.
You impale the naga sharpshooter!!
The captain's cutlass flashes!
You lacerate the naga sharpshooter!!
The naga sharpshooter's uncursed longbow falls to the floor!
You kill the naga sharpshooter!
The black mamba closely misses you.
Unknown command.
You hit the naga warrior. You headbutt the naga warrior.
You bite the naga warrior! You drain its power.
You feel invigorated.
The naga warrior is moderately wounded.
You feel sick. You block the black mamba's attack.
The naga warrior hits you with a long sword!
* * * LOW HITPOINT WARNING * * *
x2 The naga warrior constricts you.
You hit the naga warrior but do no damage.
Your headbutt misses the naga warrior. Your bite misses the naga warrior.
The naga warrior is moderately wounded.
The black mamba bites you!
You die...

#...# #....##
##..... #...#
#.[...# #..###
#...###.)...###
##.###
#....##.......######
##..#
#....##........#...#
#...
##...##.........##.#
###...
##....##.......#####
#.#...
###..(##..S.#..##.#
##....
###.....)@)#..#.#
#....
##....N...#..##
##... ##........#..#
##.. ##........####
##. #.........#.#
######
##..........##
#...##
#...........###.#...
##......##....#..##.
#......###.....####


You could see a naga warrior and a black mamba.

Vanquished Creatures
  Vashnia (Snake:2)
  Rupert (Lair:4)
  Gastronok (D:9)
  Kirke (Snake:2)
  Roxanne (D:14)
  A nagaraja (Snake:2)
  An orc warlord (Orc:1)
  2 frost giants
  Aizul (Snake:1)
  2 stone giants (Snake:2)
  Nessos (D:14)
  Snorg (Orc:1)
  Josephine (Orc:2)
  2 fire dragons
  A minotaur (Lab)
  An ettin (D:14)
  3 naga warriors
  4 hydras
  Harold (D:11)
  Erolcha (Orc:2)
  3 centaur warriors
  5 anacondas
  A catoblepas (Lair:6)
  11 two-headed ogres
  A death yak (IceCv)
  Erica (D:8)
  Urug (D:11)
  A shock serpent (Snake:3)
  A tengu warrior (D:14)
  13 naga sharpshooters
  Nergalle (Orc:2)
  The ghost of SlowGraham the Summoner, a novice DgSu (Lair:1)
  A shadow wraith (D:14)
  An iron troll (D:15)
  3 deep trolls
  3 unseen horrors
  An unseen horror (shapeshifter) (D:14)
  A wizard (D:14)
  A swamp dragon (Snake:2)
  4 naga ritualists
  Pikel (D:8)
  3 orc knights
  9 mana vipers
  9 orc sorcerers (Orc:2)
  An oklob plant (Lair:6)
  A wolf spider (D:10)
  A manticore (shapeshifter) (D:14)
  2 deep elf magi (D:15)
  7 ugly things
  6 cyclopes
  3 manticores
  A salamander (Snake:1)
  A moth of wrath (shapeshifter) (D:15)
  2 centaur zombies
  An eye of devastation (Lair:6)
  The ghost of sleeves the Ruffian, a novice OgTm (D:5)
  4 naga magi (Snake:1)
  Maurice (D:8)
  Psyche (D:9)
  Joseph (Lair:1)
  22 black mambas
  An ice statue (IceCv)
  2 gargoyles
  24 spiny frogs
  3 rime drakes (Lair:4)
  A yaktaur (D:15)
  2 centaur skeletons
  4 komodo dragons
  A freezing wraith (D:14)
  2 tengu conjurers
  A troll (shapeshifter) (D:15)
  A queen bee (Lair:6)
  12 trolls
  3 meliai (Lair:6)
  23 polar bears
  5 tyrant leeches (Lair:6)
  22 blink frogs
  6 dream sheep (Lair:5)
  8 hippogriffs
  10 slime creatures
  A shadow (D:14)
  7 water elementals
  74 yaks
  5 wyverns
  7 wraiths
  Sigmund (D:3)
  3 basilisks
  6 hogs
  16 vampire mosquitoes
  2 hungry ghosts
  A steam dragon (D:15)
  A human (D:8)
  A warg (Orc:1)
  Edmund (D:4)
  20 nagas
  2 acid dragons
  Duvessa (D:5)
  13 water moccasins
  7 porcupines
  25 orc warriors
  5 sky beasts
  12 ice beasts
  An eye of draining (D:11)
  4 phantoms
  6 black bears
  18 ogres
  22 wolves
  8 centaurs
  8 crocodiles
  23 bullfrogs
  2 big kobolds
  Dowan (D:5)
  A wyvern skeleton (D:11)
  4 scorpions
  33 killer bees
  5 wights (D:15)
  7 electric eels
  2 howler monkeys
  11 crimson imps
  3 bullfrog zombies
  2 lava snakes (D:10)
  9 hounds
  3 jellies
  30 orc wizards
  6 orc priests
  3 quasits
  2 bullfrog skeletons
  10 iguanas
  Ijyb (D:4)
  Terence (D:2)
  Natasha (D:2)
  9 worker ants
  11 hell rats
  A hound zombie (D:9)
  2 worker ant zombies
  3 gnolls (D:7)
  14 adders
  A river rat (D:4)
  4 shadow imps
  A white imp (D:4)
  2 oozes (D:1)
  An adder zombie (D:7)
  2 adder skeletons
  3 dart slugs
  A worm (D:4)
  8 leopard geckos
  87 orcs
  11 bats
  4 giant cockroaches
  9 goblins
  5 hobgoblins
  5 jackals
  3 quokkas
  3 ball pythons
  3 frilled lizards
  16 kobolds
  A quokka zombie (D:7)
  6 rats
  A bush (Lair:6)
  A plant (Lair:6)
948 creatures vanquished.

Vanquished Creatures (collateral kills)
  A spiny frog (Lair:6)
1 creature vanquished.

Vanquished Creatures (others)
  A slave (D:8)
  A scorpion (D:8)
  A howler monkey (D:4)
  A shadow imp (D:8)
  A leopard gecko (D:8)
  An orc (Orc:2)
  11 fungi (Lair:6)
  27 plants (Lair:6)
44 creatures vanquished.

Grand Total: 993 creatures vanquished

Notes
Turn   | Place    | Note
-------+----------+-------------------------------------------
     0 | D:1      | theclanless the Vine Stalker Berserker began the quest for the Orb.
     0 | D:1      | Reached XP level 1. HP: 11/11 MP: 2/2
    23 | D:1      | Reached skill level 1 in Stealth
    23 | D:1      | Reached XP level 2. HP: 9/16 MP: 3/3
   300 | D:1      | Reached XP level 3. HP: 11/20 MP: 4/4
   328 | D:1      | Reached ** piety under Trog
   558 | D:2      | Noticed Terence
   566 | D:2      | Killed Terence
   566 | D:2      | Gained mutation: Your natural rate of healing is unusually fast. [Vine Stalker growth]
   566 | D:2      | Reached XP level 4. HP: 24/24 MP: 5/5
   792 | D:2      | Found a white marble altar of Elyvilon.
   796 | D:2      | Found a snail-covered altar of Cheibriados.
   921 | D:2      | Noticed Natasha
   929 | D:2      | Killed Natasha
   929 | D:2      | Reached XP level 5. HP: 18/29 MP: 6/6
  1209 | D:3      | Noticed a centaur
  1224 | D:3      | Killed a centaur
  1224 | D:3      | Reached skill level 1 in Evocations
  1224 | D:3      | Reached XP level 6. HP: 8/33 MP: 5/7
  1477 | D:3      | Noticed Sigmund
  1488 | D:3      | Killed Sigmund
  1501 | D:3      | Found a roughly hewn altar of Beogh.
  1536 | D:3      | Reached XP level 7. HP: 38/38 MP: 9/9
  1685 | D:4      | Noticed Edmund
  1724 | D:4      | Found a glowing silver altar of Zin.
  2095 | D:4      | Reached *** piety under Trog
  2517 | D:4      | Killed Edmund
  2518 | D:4      | Noticed Ijyb
  2524 | D:4      | Killed Ijyb
  2786 | D:4      | Found a staircase to the Ecumenical Temple.
  2796 | Temple   | Entered the Ecumenical Temple
  2885 | D:5      | Entered Level 5 of the Dungeon
  3102 | D:5      | Gained mutation: You have razor-sharp teeth. [Vine Stalker growth]
  3102 | D:5      | Reached XP level 8. HP: 24/42 MP: 11/11
  3153 | D:5      | Noticed Dowan
  3157 | D:5      | Noticed Duvessa
  3181 | D:5      | Killed Duvessa
  3181 | D:5      | Reached skill level 5 in Fighting
  3190 | D:5      | Killed Dowan
  3303 | D:5      | Noticed sleeves's ghost (novice OgTm)
  3322 | D:5      | Killed sleeves's ghost
  3322 | D:5      | Reached skill level 5 in Short Blades
  3887 | D:6      | Reached XP level 9. HP: 46/48 MP: 13/13
  3992 | D:6      | Got a dazzling ring mail
  4006 | D:6      | Identified the cursed +0 ring mail of Dyspraxia {Int+3} (You found it on level 6 of the Dungeon)
  4199 | D:6      | Reached **** piety under Trog
  4223 | D:6      | Reached skill level 5 in Stealth
  4544 | D:7      | Found a hide-covered altar of Uskayaw.
  4616 | D:7      | Noticed a two-headed ogre
  4624 | D:7      | Killed a two-headed ogre
  4624 | D:7      | Reached skill level 5 in Evocations
  4659 | D:7      | Gained mutation: You have a pair of small horns on your head. [mutagenic meat]
  4660 | D:7      | Gained mutation: You have sharp toenails. [mutagenic meat]
  4661 | D:7      | Gained mutation: Your mind is acute. (Int +2) [mutagenic meat]
  4662 | D:7      | Gained mutation: You expend magic power (3 MP) to strengthen your wands. [mutagenic meat]
  4755 | D:7      | Found a sparkling altar of Nemelex Xobeh.
  4755 | D:7      | Found a stormy altar of Qazlal.
  4760 | D:7      | Found a bloodstained altar of Trog.
  4762 | D:7      | Found an iron altar of Okawaru.
  4764 | D:7      | Found a shattered altar of Ashenzari.
  5203 | D:7      | Reached XP level 10. HP: 47/53 MP: 14/14
  5338 | D:8      | Noticed Maurice
  5344 | D:8      | Killed Maurice
  5344 | D:8      | Reached skill level 1 in Shields
  5418 | D:8      | Found a shadowy altar of Dithmenos.
  5419 | D:8      | Noticed Pikel
  5446 | D:8      | Killed Pikel
  5547 | D:8      | Found Unebluhe's Book Boutique.
  5573 | D:8      | Noticed a centaur warrior
  5580 | D:8      | Killed a centaur warrior
  5613 | D:8      | Noticed a two-headed ogre
  5617 | D:8      | Killed a two-headed ogre
  5727 | D:8      | Noticed Erica
  5732 | D:8      | Killed Erica
  5889 | D:8      | Reached XP level 11. HP: 45/59 MP: 13/16
  5986 | D:9      | Found a staircase to the Lair.
  6000 | D:9      | Reached ***** piety under Trog
  6000 | D:9      | Reached skill level 5 in Dodging
  6115 | D:9      | Reached skill level 5 in Armour
  6159 | D:9      | Noticed a two-headed ogre
  6165 | D:9      | Killed a two-headed ogre
  6173 | D:9      | Noticed a two-headed ogre
  6182 | D:9      | Killed a two-headed ogre
  6296 | D:9      | Noticed Gastronok
  6311 | D:9      | Killed Gastronok
  6423 | D:9      | Lost mutation: Your mind is acute. (Int +2) [mutagenic meat]
  6425 | D:9      | Gained mutation: You are dopey. (Int -2) [mutagenic meat]
  6426 | D:9      | Lost mutation: You are dopey. (Int -2) [mutagenic meat]
  6559 | D:9      | Found a basalt altar of Yredelemnul.
  6579 | D:9      | Found a shimmering altar of Xom.
  6772 | D:9      | Found a glowing golden altar of the Shining One.
  6774 | D:9      | Noticed an angel
  6827 | D:10     | Entered Level 10 of the Dungeon
  6861 | D:10     | Noticed a wolf spider
  6874 | D:10     | Killed a wolf spider
  7319 | D:10     | Noticed a cyclops
  7330 | D:10     | Killed a cyclops
  7335 | D:10     | Reached skill level 5 in Shields
  7375 | D:10     | Found a staircase to the Orcish Mines.
  7575 | D:11     | Noticed a manticore
  7577 | D:11     | Gained mutation: You heal very quickly. [Vine Stalker growth]
  7577 | D:11     | Reached XP level 12. HP: 65/65 MP: 17/17
  7666 | D:11     | Noticed Urug
  7682 | D:11     | Killed Urug
  7882 | D:11     | Gained mutation: You are partially covered in yellow scales. (AC +2) [mutagenic meat]
  8131 | D:11     | Noticed Harold
  8157 | D:11     | Killed Harold
  8407 | Lair:1   | Entered Level 1 of the Lair of Beasts
  8436 | Lair:1   | Noticed SlowGraham's ghost (novice DgSu)
  8450 | Lair:1   | Killed SlowGraham's ghost
  8543 | Lair:1   | Noticed Joseph
  8553 | Lair:1   | Killed Joseph
  9220 | Lair:2   | Received a gift from Trog
  9258 | Lair:3   | Noticed a six-headed hydra
  9267 | Lair:3   | Killed a six-headed hydra
  9368 | Lair:3   | Found a labyrinth entrance.
  9378 | Lab      | Entered a labyrinth
  9874 | Lab      | Noticed a minotaur
  9883 | Lab      | Killed a minotaur
  9883 | Lab      | Reached XP level 13. HP: 29/72 MP: 19/19
  9885 | Lab      | Got a fine jade ring
  9894 | Lab      | Identified the Guide on Talismans
  9909 | Lab      | Identified the Compendium of Malediction
  9915 | Lab      | Identified the ring of Voenish {Wiz *Contam rPois rN+ Int+5} (You took it off a minotaur in a labyrinth)
 10684 | Lair:4   | Noticed Rupert
 10699 | Lair:4   | Killed Rupert
 10699 | Lair:4   | Reached skill level 10 in Fighting
 10801 | Lair:4   | Found a staircase to the Snake Pit.
 11037 | Lair:4   | Found a staircase to the Swamp.
 11579 | Lair:4   | Received a gift from Trog
 11929 | Lair:5   | Reached skill level 10 in Short Blades
 12382 | Lair:5   | Reached skill level 10 in Stealth
 12811 | Lair:6   | Entered Level 6 of the Lair of Beasts
 12823 | Lair:6   | Reached XP level 14. HP: 63/77 MP: 20/20
 12842 | Lair:6   | Found a viscous altar of Jiyva.
 12842 | Lair:6   | Found a staircase to the Slime Pits.
 12939 | Lair:6   | Reached ****** piety under Trog
 12943 | Lair:6   | Received a gift from Trog
 13226 | Lair:6   | Identified a scroll of acquirement
 13575 | Lair:6   | Received a gift from Trog
 13727 | Lair:6   | Got a faintly glowing pewter ring
 13729 | Lair:6   | Identified the cursed ring "Muemica" {+Inv +Fly rC- EV-5 Slay+5} (You found it on level 6 of the Lair of Beasts)
 14471 | D:9      | Fell from the grace of Trog
 14471 | D:9      | Became a worshipper of the Shining One
 14472 | D:9      | Upgraded the game from 0.20.0-8-g6b59dc7 to 0.20.0-10-g0535bb4
 14508 | D:9      | Noticed Psyche
 14513 | D:9      | Killed Psyche
 14591 | D:12     | Found Duppele's Magic Scroll Shop.
 14624 | D:12     | Bought a scroll of brand weapon for 220 gold pieces
 14624 | D:12     | Bought a scroll of enchant weapon for 82 gold pieces
 14624 | D:12     | Bought a scroll of enchant weapon for 82 gold pieces
 14624 | D:12     | Bought a scroll of enchant armour for 82 gold pieces
 14624 | D:12     | Bought a scroll of identify for 22 gold pieces
 14624 | D:12     | Bought a scroll of identify for 22 gold pieces
 14728 | D:12     | Found Zoock's Gadget Shoppe.
 14740 | D:12     | Bought a lightning rod (4/4) for 480 gold pieces
 14804 | D:12     | Reached skill level 1 in Invocations
 14844 | D:12     | Found Westryfad's Antique Armour Shoppe.
 14928 | D:12     | Reached XP level 15. HP: 59/83 MP: 22/22
 14981 | D:12     | Found Eshroj's Gadget Shop.
 15097 | D:12     | Reached * piety under the Shining One
 15230 | D:12     | Found Zosovit's Antique Weapon Shoppe.
 15757 | D:13     | Found a frozen archway.
 15797 | IceCv    | Entered an ice cave
 16302 | IceCv    | Noticed a frost giant
 16302 | IceCv    | Reached ** piety under the Shining One
 16348 | IceCv    | Killed a frost giant
 16451 | IceCv    | Identified Faskeit's Catalogue of Lucky Creation
 16462 | IceCv    | Got a colourful robe
 16473 | IceCv    | Identified the +3 robe of Xuuhihim {rC+ Slay+2} (You found it in an ice cave)
 16484 | IceCv    | Learned a level 5 spell: Aura of Abjuration
 16486 | IceCv    | Learned a level 1 spell: Summon Butterflies
 17008 | D:13     | Paralysed by Trog for 4 turns
 17299 | D:13     | Paralysed by Trog for 4 turns
 17410 | D:14     | Reached skill level 1 in Spellcasting
 17472 | D:14     | Gained mutation: You are agile. (Dex +2) [mutagenic meat]
 17473 | D:14     | Gained mutation: Scrolls take you a little longer to read. [mutagenic meat]
 17474 | D:14     | Gained mutation: You are dopey. (Int -2) [mutagenic meat]
 17475 | D:14     | Gained mutation: You tend to lose your temper in combat. [mutagenic meat]
 17476 | D:14     | Gained mutation: Your flesh is heat resistant. (rF+) [mutagenic meat]
 17477 | D:14     | Gained mutation: Your muscles are strong. (Str +2) [mutagenic meat]
 17479 | D:14     | Lost mutation: You have sharp toenails. [mutagenic meat]
 17480 | D:14     | Lost mutation: You tend to lose your temper in combat. [mutagenic meat]
 17496 | D:14     | Reached *** piety under the Shining One
 17708 | D:14     | Reached skill level 10 in Shields
 17735 | D:14     | Found a gate to the Vaults.
 17794 | D:14     | Gained mutation: Armour fits poorly on your strangely shaped body. [mutagenic meat]
 17795 | D:14     | Gained mutation: You are frail. (-10% HP) [mutagenic meat]
 17796 | D:14     | Gained mutation: You are resistant to hostile enchantments. (MR+) [mutagenic meat]
 17800 | D:14     | Lost mutation: Scrolls take you a little longer to read. [potion of mutation]
 17800 | D:14     | Lost mutation: Your flesh is heat resistant. (rF+) [potion of mutation]
 17800 | D:14     | Lost mutation: You are dopey. (Int -2) [potion of mutation]
 17800 | D:14     | Lost mutation: Your muscles are strong. (Str +2) [potion of mutation]
 17800 | D:14     | Lost mutation: You are agile. (Dex +2) [potion of mutation]
 17800 | D:14     | Lost mutation: Armour fits poorly on your strangely shaped body. [potion of mutation]
 17800 | D:14     | Gained mutation: Your muscles are strong. (Str +2) [potion of mutation]
 17800 | D:14     | Gained mutation: Your flesh is cold resistant. (rC+) [potion of mutation]
 17801 | D:14     | Lost mutation: You expend magic power (3 MP) to strengthen your wands. [potion of mutation]
 17801 | D:14     | Lost mutation: You are resistant to hostile enchantments. (MR+) [potion of mutation]
 17801 | D:14     | Lost mutation: You are frail. (-10% HP) [potion of mutation]
 17801 | D:14     | Gained mutation: You occasionally shout uncontrollably at your foes. [potion of mutation]
 17801 | D:14     | Gained mutation: You are agile. (Dex +2) [potion of mutation]
 17801 | D:14     | Gained mutation: You are mostly covered in yellow scales. (AC +3) [potion of mutation]
 17839 | D:14     | Noticed Roxanne
 17861 | D:14     | Killed Roxanne
 17861 | D:14     | Reached XP level 16. HP: 90/90 MP: 23/23
 17862 | D:14     | Identified Roxanne's Grimoire of Changing (You took it off Roxanne on level 14 of the Dungeon)
 17872 | D:14     | Learned a level 2 spell: Passwall
 17933 | D:14     | Gained mutation: Your mind is acute. (Int +2) [mutagenic meat]
 18086 | D:14     | Noticed Nessos
 18094 | D:14     | Killed Nessos
 18310 | D:15     | Entered Level 15 of the Dungeon
 18311 | D:15     | Reached **** piety under the Shining One
 18316 | D:15     | Reached skill level 5 in Invocations
 18464 | D:15     | Found Citeikh's Antique Weapon Shoppe.
 18823 | D:15     | Gained mutation: You are surrounded by a mild repulsion field. (EV +2) [mutagenic meat]
 18824 | D:15     | Gained mutation: Armour fits poorly on your strangely shaped body. [mutagenic meat]
 18850 | D:15     | Found a staircase to the Depths.
 19154 | D:15     | The Shining One protects you from harm!
 19449 | Orc:1    | Entered Level 1 of the Orcish Mines
 19451 | Orc:1    | Found Eroutt's Assorted Antiques.
 19489 | Orc:1    | Found a flagged portal.
 19553 | Bailey   | Entered a bailey
 19870 | Orc:1    | Noticed Snorg
 19883 | Orc:1    | Killed Snorg
 20346 | Orc:2    | Entered Level 2 of the Orcish Mines
 20351 | Orc:2    | Paralysed by Trog for 4 turns
 20515 | Orc:2    | Found a staircase to the Elven Halls.
 20662 | Orc:2    | Noticed Josephine
 20662 | Orc:2    | Reached ***** piety under the Shining One
 20673 | Orc:2    | Killed Josephine
 20720 | Orc:2    | Found Okkaos's Book Emporium.
 20748 | Orc:2    | Found an ancient bone altar of Kikubaaqudgha.
 20749 | Orc:2    | Noticed Nergalle
 20757 | Orc:2    | Killed Nergalle
 20772 | Orc:2    | Noticed Erolcha
 20772 | Orc:2    | Found a radiant altar of Vehumet.
 20777 | Orc:2    | Killed Erolcha
 20847 | Orc:2    | Found a roughly hewn altar of Beogh.
 20847 | Orc:2    | Found Ekoazosk's Antique Weapon Emporium.
 20848 | Orc:2    | Found Vogoanu's Antique Weapon Shoppe.
 20875 | Orc:2    | Found Saapu Ciso's Distillery.
 20949 | Orc:2    | Bought a potion of berserk rage for 70 gold pieces
 20949 | Orc:2    | Bought a potion of haste for 140 gold pieces
 21098 | Orc:2    | Found Jialeudd's Jewellery Shop.
 21422 | Snake:1  | Entered Level 1 of the Snake Pit
 21765 | Snake:1  | Noticed Aizul
 21781 | Snake:1  | Killed Aizul
 21898 | Snake:1  | Reached XP level 17. HP: 95/95 MP: 24/24
 22378 | Lair:4   | Paralysed by Trog for 3 turns
 22682 | Snake:2  | Noticed Vashnia
 22693 | Snake:2  | Killed Vashnia
 23002 | Snake:2  | Noticed Kirke
 23013 | Snake:2  | Killed Kirke
 23688 | Snake:3  | Reached skill level 5 in Spellcasting
 23703 | Snake:2  | HP: 4/95 [naga warrior/long sword (9)]
 23704 | Snake:2  | Slain by a black mamba

Skill      XL: |  1  2  3  4  5  6  7  8  9 10 11 12 13 14 15 16 17 |
---------------+----------------------------------------------------+-----
Stealth        | 1 2 3 4 5 6 8 9 10 | 10.7
Short Blades   | 3 4 5 6 7 8 9 10 11 12 13 | 13.0
Fighting       | 3 4 5 6 7 8 9 10 11 12 13 | 13.4
Armour         | 2 3 4 5 6 7 8 9 |  9.3
Dodging        | 2 3 4 5 6 7 8 9 |  9.1
Evocations     | 1 2 4 5 6 7 8 |  8.4
Shields        | 3 5 6 7 9 10 11 | 11.4
Invocations    | 1 4 6 |  6.6
Spellcasting   | 1 4 5 |  5.0

Action                   |  1- 3 |  4- 6 |  7- 9 | 10-12 | 13-15 | 16-18 || total
-------------------------+-------+-------+-------+-------+-------+-------++-------
Melee: Short sword       |    58 |       |       |       |       |       ||    58
       Bite              |    17 |    31 |   151 |   146 |   507 |   272 ||  1124
       Dagger            |    15 |   121 |   368 |   148 |       |       ||   652
       Headbutt          |       |       |     9 |   114 |   374 |   204 ||   701
       Kick              |       |       |     7 |   165 |   527 |       ||   699
       Cutlass           |       |       |       |   294 |  1327 |   606 ||  2227
Throw: Tomahawk          |       |       |       |     3 |     4 |       ||     7
       Javelin           |       |       |       |       |     3 |       ||     3
Invok: Berserk           |     2 |     3 |     3 |     7 |     4 |       ||    19
       Trog's Hand       |     1 |     1 |       |       |       |       ||     2
       Divine Shield     |       |       |       |       |       |     1 ||     1
       Cleansing Flame   |       |       |       |       |       |     1 ||     1
 Abil: Evoke Flight      |       |       |       |       |       |     2 ||     2
Evoke: Wand              |       |       |     4 |       |    13 |    13 ||    30
       Phial of floods   |       |       |       |       |     1 |       ||     1
  Use: Scroll            |     2 |     3 |    12 |    10 |    18 |     4 ||    49
       Potion            |     1 |     1 |       |     3 |     3 |     3 ||    11
 Stab: Sleeping          |     2 |     1 |     6 |    17 |     7 |       ||    33
       Confused          |       |       |     3 |       |       |       ||     3
       Distracted        |       |       |       |       |     2 |       ||     2
  Eat: Chunk             |     1 |     6 |    19 |    35 |   109 |    31 ||   201
       Fruit             |       |       |       |     1 |       |       ||     1
       Bread ration      |       |       |       |       |     1 |     1 ||     2
       Royal jelly       |       |       |       |       |       |     1 ||     1
Armor: Animal skin       |     6 |       |       |       |       |       ||     6
       Leather armour    |    18 |    26 |       |       |       |       ||    44
       Ring mail         |       |       |    29 |    25 |       |       ||    54
       Scale mail        |       |       |    32 |       |       |       ||    32
       Troll leather arm |       |       |       |    51 |   144 |       ||   195
       Skin              |       |       |       |       |     1 |       ||     1
       Robe              |       |       |       |       |    19 |   123 ||   142
Dodge: Dodged            |    45 |    66 |   157 |   198 |   342 |   190 ||   998
Block: Shield            |       |       |       |    46 |   529 |   365 ||   940
